 Dungeon Crawl Stone Soup version 0.31-a0-1317-gdfb52cbc09 (webtiles) character file.

Game seed: 6597368543516072980

191 Flugkiller the Changeling (level 5, 36/36 HPs)
             Began as an Octopode Shapeshifter on Dec 12, 2023.
             Quit the game on level 3 of the Dungeon on Dec 20, 2023.
             The game lasted 00:06:30 (2798 turns).

Flugkiller the Changeling (Octopode Shapeshifter)   Turns: 2798, Time: 00:06:31

Health: 36/36      AC:  1    Str: 20    XL:     5   Next: 70%
Magic:  5/5        EV: 13    Int: 12    God:
Gold:   50         SH:  0    Dex: 13    Spells: 4/4 levels left

rFire   . .          .
                       - Unarmed
rCold   . . .        (no shield)
rNeg    . . .        (helmet currently unavailable)
rPois   .            (no amulet)
rElec   .            d - ring of resist corrosion
rCorr   +            i - ring of wizardry
SInv    .            a - +6 ring of strength
Will    .....        (no ring)
Stlth   +++          (no ring)
HPRegen 0.26/turn    (no ring)
MPRegen 0.09/turn    (no ring)
                     (no ring)

%: wizardry (x1)
@: beast-form
A: beast (slay +2), almost no armour, amphibious, 8 rings, camouflage 1,
gelatinous body 1, (nimble swimmer 1), tentacles
a: Begin Untransformation


You were on level 3 of the Dungeon.
You were a hulking beast.
You visited 1 branch of the dungeon, and saw 3 of its levels.
You also visited: Sewer.

You collected 50 gold pieces.

Inventory:

Jewellery
 a - a +6 ring of strength (on tentacle)
   (You found it on level 2 of the Dungeon)
 d - a ring of resist corrosion (left tentacle)
   (You found it on level 1 of the Dungeon)
 i - a ring of wizardry (right tentacle)
   (You found it on level 2 of the Dungeon)
Talismans
 b - a beast talisman
 c - a flux talisman
Scrolls
 g - a scroll of torment {unknown}
 j - a scroll of identify {unknown}
 o - a scroll of immolation {unknown}
 q - a scroll of blinking {unknown}
Potions
 e - a potion of enlightenment {unknown}
 f - 2 potions of degeneration {unknown}
 h - 3 potions of curing {unknown}
 k - 2 potions of magic {unknown}
 l - a potion of heal wounds {unknown}
 m - a potion of resistance {unknown}
 n - a potion of might {unknown}
 p - a potion of cancellation {unknown}


   Skills:
 - Level 3.0 Fighting
 - Level 2.1 Dodging
 - Level 1.0 Stealth
 - Level 4.0 Unarmed Combat
 + Level 4.3 Shapeshifting


You had 4 spell levels left.
You didn't know any spells.
Your spell library was empty.

Dungeon Overview and Level Annotations

Branches:
Dungeon (3/15) Zot: 16122   Sewer (visited)

Altars:

Shops:
D:2 (


Innate Abilities, Weirdness & Mutations

You are a hulking beast.
Your limbs bulge with bestial killing power. (Slay +2)
You cannot wear most types of armour.
You are amphibious.
You can wear up to eight rings at the same time.
Your skin changes colour to match your surroundings (Stealth+).
Your rubbery body absorbs attacks. (AC +1, EV +1)
((You are camouflaged when in or above water. (Stealth+)))
You have tentacles for arms and can constrict up to eight enemies at once.


Message History

You are too injured to fight recklessly!
You are too injured to fight recklessly!
You are too injured to fight recklessly!
You are too injured to fight recklessly!
You tentacle-slap the kobold.
You kill the kobold!
The kobold hits you with a +0 dagger.
You bludgeon the kobold!
You kill the kobold!
Things that are here:
a +0 short sword; a kobold corpse
k - 2 orange potions (gained 1)
p - a white potion
q - a scroll labelled KYFAOPR MEQOOL You start resting.
HP restored.
Items here: (( )))))) ††.
There is an open door, spattered with blood here.
You enter the deep water.
A river rat comes into view.
The rat squeaks loudly. x2; The river rat squeaks loudly.
The rat twitches its whiskers.
Unknown command.
The river rat bites you! The rat closely misses you.
You closely miss the river rat. You grab the river rat.
You constrict the river rat. The river rat barely misses you.
The rat barely misses you. The rat bites you.
The rat bites you but does no damage.
You tentacle-slap the river rat. You squeeze the river rat.
The river rat is severely wounded.
You constrict the river rat. The river rat closely misses you.
The rat bites you. x2; The rat misses you.
You tentacle-slap the river rat but do no damage.
The river rat is severely wounded.
You constrict the river rat, but do no damage.
The river rat closely misses you. The rat barely misses you.
The rat bites you but does no damage. The rat closely misses you.
You bludgeon the river rat!
You kill the river rat!
The rat bites you. The rat barely misses you. The rat misses you.
You closely miss the rat. Your grab misses the rat. The rat barely misses you.
The rat closely misses you. The rat bites you.
You are too injured to fight recklessly!
You are too injured to fight recklessly!
You are too injured to fight recklessly!
You are too injured to fight recklessly!
You are too injured to fight recklessly!
You are too injured to fight recklessly!
You are too injured to fight recklessly!
You are too injured to fight recklessly!
You are too injured to fight recklessly!
You are too injured to fight recklessly!
You are too injured to fight recklessly!
You are too injured to fight recklessly!
You tentacle-slap the rat. Your grab misses the rat.
The rat is moderately wounded.
You tentacle-slap the rat.
You kill the rat!
The rat barely misses you. x2
You tentacle-slap the rat.
You kill the rat!
The rat bites you.
You closely miss the rat. You grab the rat. You constrict the rat.
The rat bites you.
You tentacle-slap the rat.
You kill the rat!
You start resting.
HP restored.
You see here a rat corpse.
You open the door. 2 kobolds come into view.
A kobold is wielding a +0 dagger and quivering poisoned darts.
The kobold shouts!
There is an open door here.
The kobold hits you with a +0 dagger.
Unknown command.
The kobold shouts!
You tentacle-slap the kobold.
You kill the kobold!
You barely miss the kobold. You grab the kobold. You constrict the kobold.
The kobold hits you with a +0 dagger.
You barely miss the kobold.
The kobold is severely wounded.
You constrict the kobold.
You kill the kobold!
No target in view!
Items here: (( )).
You start resting.
HP restored.
Items here: (( )).
There is an open door here.
You see here a rat corpse.
You enter the deep water.
You enter the shallow water.
You enter the shallow water.
You enter the shallow water.
You enter the deep water.
Done exploring.
Done exploring.
Done exploring.
There is a gate leading back out of this place here.
Welcome back to the Dungeon!
There is a collapsed entrance here.
Search for what [Enter for "."]? .
Save game and exit?
Welcome back, Flugkiller the Octopode Shapeshifter.
Press ? for a list of commands and other information.
Are you sure you want to abandon this character and quit the game? (Confirm with "yes".)

#####.#.# #.
######.....#.## #.
####......###....###.
##.........##.........
##..#...#....#..#....##
#...~~~~~..............
#.#~~~~~~~#..#.#####.##
.#..~~~~~(~..÷...# ....
....~~~h~~~.).#### #...
##(~~~~~~~~~.......
#### #.#~~~~~~~#.####..
#...~~~~~...#
##..#...#..#..
##.......##.# ####...##
.# ###.. ..


There were no monsters in sight!

Vanquished Creatures
  Robin (D:2)
  2 adders
  7 river rats (Sewer)
  A dart slug (D:2)
  2 worms (D:2)
  An endoplasm (D:2)
  5 giant cockroaches (D:1)
  8 hobgoblins
  4 quokkas
  11 ball pythons
  3 bats
  9 frilled lizards
  10 goblins
  21 kobolds
  18 rats
103 creatures vanquished.

Notes
Turn   | Place    | Note
-------+----------+-------------------------------------------
     0 | D:1      | Flugkiller the Octopode Shapeshifter began the quest for
                  | the Orb.
     0 | D:1      | Reached XP level 1. HP: 13/13 MP: 1/1
   259 | D:1      | Reached XP level 2. HP: 18/18 MP: 2/2
   568 | D:1      | Reached skill level 1 in Stealth
   874 | D:1      | Reached XP level 3. HP: 22/24 MP: 3/3
  1063 | D:2      | Found a faded altar of an unknown god.
  1346 | D:2      | Found Wis Zeus's Weapon Shoppe.
  1351 | D:2      | Noticed Robin
  1375 | D:2      | Killed Robin
  1376 | D:2      | Reached XP level 4. HP: 23/29 MP: 4/4
  1866 | D:3      | Found a glowing drain.
  1885 | Sewer    | Entered a sewer
  1939 | Sewer    | Reached XP level 5. HP: 14/34 MP: 5/5
  2798 | D:3      | Upgraded the game from 0.31-a0-1178-gc5c9b8f871 to
                  | 0.31-a0-1317-gdfb52cbc09
  2798 | D:3      | Quit the game

Illustrated notes

Levels and vault maps discovered:
D:1:      elethiomel_arrival_maze, layout_loops_corners
D:2:      layout_rooms, hellmonk_ecumenical_altar_prayer_group, serial_shops,
          shop, serial_bayou_pond_c, dk_noncrumbling_3, patterned_corridor,
          uniq_robin
D:3:      layout_basic, kennysheep_slug_shrine, cheibrodos_sewer_entry_drain,
          ebering_ghost_reflecting_pool, uniq_grinder

Skill      XL: |  1  2  3  4  5 |
---------------+----------------+-----
Fighting       | 2 3 |  3.0
Stealth        | 1 |  1.0
Unarmed Combat | 4 |  4.0
Shapeshifting  | 4 |  4.3
Dodging        | |  2.1

Action                     |  1- 3 |  4- 6 || total
---------------------------+-------+-------++-------
  Melee: Unarmed           |    79 |   107 ||   186
         Constrict         |    17 |    23 ||    40
         Tentacles         |     7 |    13 ||    20
         Punch             |     1 |     5 ||     6
    Use: Potion            |     1 |       ||     1
   Stab: Sleeping          |     7 |     1 ||     8
         Distracted        |       |     1 ||     1
 Armour: Skin              |    31 |    63 ||    94
  Dodge: Dodged            |    33 |    56 ||    89

Table legend: (Time is in decaauts)
 A = Elapsed time spent in this place.
 B = Non-inter-level travel time spent in this place.
 C = Inter-level travel time spent in this place.
 D = Time resting spent in this place.
 E = Time spent auto-exploring this place.
 F = Levels seen in this place.
 G = Mean time per level.
                   A        B        C        D        E       F      G
               +--------+--------+--------+--------+--------+-----+--------+
         Total |   2782 |   2744 |     38 |    457 |   1593 |   4 |  695.5 |
       Dungeon |   1877 |   1839 |     38 |    103 |   1336 |   3 |  625.7 |
         Sewer |    905 |    905 |      0 |    354 |    257 |   1 |  905.0 |
               +--------+--------+--------+--------+--------+-----+--------+

Top non-repeatable levels by time:
     D:1: 1011 daAuts
   Sewer: 905 daAuts
     D:2: 814 daAuts
     D:3: 52 daAuts
